 Dungeon Crawl Stone Soup version 0.31-a0-222-gefeffbb62a (webtiles) character file.

Game seed: 7189338537670215680

7909 gruber the Protected (level 11, -4/100 HPs)
             Began as a Minotaur Hunter on July 3, 2023.
             Was a Priest of Okawaru.
             Slain by a centaur warrior
             ... wielding a +0 hand axe
              (7 damage)
             ... on level 9 of the Dungeon on July 5, 2023.
             The game lasted 00:13:10 (9985 turns).

gruber the Protected (Minotaur Hunter)              Turns: 9985, Time: 00:13:11

Health: -4/100     AC:  9    Str: 18    XL:     11   Next: 3%
Magic:  0/10       EV: 14    Int:  6    God:    Okawaru [***...]
Gold:   587        SH:  0    Dex: 16    Spells: 10/10 levels left

rFire   . . .        G - +1 glaive
rCold   . . .        (shield currently unavailable)
rNeg    . . .        E - +0 ring mail {rPois}
rPois   +            (helmet restricted)
rElec   .            (no cloak)
rCorr   .            (no gloves)
SInv    .            (no boots)
Will    +....        c - amulet of guardian spirit
Stlth   +++          f - ring of willpower
HPRegen 0.36/turn    (no ring)
MPRegen 0.12/turn

%: guardian spirit
@: heroic
A: horns 2, retaliatory headbutt
a: Renounce Religion, Heroism


You were on level 9 of the Dungeon.
You worshipped Okawaru.
Okawaru was most pleased with you.
You visited 2 branches of the dungeon, and saw 10 of its levels.
You also visited: Sewer.

You collected 587 gold pieces.

Inventory:

Hand Weapons
 a - a +0 shortbow
 d - a +4 spear
 G - a +1 glaive (weapon)
Missiles
 z - a curare-tipped dart
 D - 19 poisoned darts (quivered)
Armour
 w - a +0 crystal plate armour
 E - a +0 ring mail of poison resistance (worn)
Jewellery
 c - an amulet of guardian spirit (around neck)
 f - a ring of willpower (left hand)
 F - an amulet of magic regeneration
Wands
 x - a wand of mindburst (4)
Scrolls
 b - a scroll of butterflies
 e - 7 scrolls of identify {unknown}
 g - 3 scrolls of teleportation {unknown}
 h - 2 scrolls of enchant weapon {unknown}
 j - 2 scrolls of blinking {unknown}
 n - a scroll of fear {unknown}
 s - a scroll of noise {unknown}
 u - 2 scrolls of fog {unknown}
 v - a scroll of amnesia {unknown}
 y - a scroll of immolation {unknown}
 A - a scroll of revelation {unknown}
Potions
 i - 2 potions of haste {unknown}
 k - a potion of berserk rage {unknown}
 l - 3 potions of heal wounds
 m - 2 potions of might {unknown}
 o - 2 potions of attraction {unknown}
 p - 4 potions of curing {unknown}
 q - a potion of brilliance {unknown}
 r - 2 potions of degeneration {unknown}
 t - a potion of mutation {unknown}
 B - a potion of cancellation {unknown}
 C - a potion of ambrosia {unknown}


   Skills:
 - Level 10.3(15.3) Fighting
 - Level 9.1(14.1) Polearms
 - Level 4.3(9.3) Ranged Weapons
 * Level 5.7(10.7) Throwing
 - Level 13.3(18.3) Armour
 - Level 2.1(7.1) Dodging
 - Level 0.7(5.7) Stealth


You had 10 spell levels left.
You didn't know any spells.
Your spell library contained the following spells:

 Spells                   Type           Power      Damage    Failure   Level
 Ensorcelled Hibernation  Hex/Ice        0%         N/A       71%         2
 Portal Projectile        Hex/Tloc       0%         N/A       91%         3
 Spider Form              Tmut/Pois      0%         N/A       91%         3
 Anguish                  Hex/Necr       0%         N/A       100%        4
 Leda's Liquefaction      Hex/Erth       0%         N/A       100%        4
 Call Canine Familiar     Summ           Unusable   N/A       N/A         3

Dungeon Overview and Level Annotations

Branches:
Dungeon (9/15)             Temple (1/1) D:4           Sewer (visited)
   Lair: D:8-11         Orc: D:9-12

Altars:
Ashenzari
Cheibriados
Dithmenos
Elyvilon
Fedhas
Gozag
Hepliaklqana
Kikubaaqudgha
Makhleb
Nemelex Xobeh
Okawaru
Qazlal
Ru
Sif Muna
Trog
Uskayaw
Vehumet
Wu Jian
Xom
Yredelemnul
Zin
The Shining One

Shops:
D:3 *   D:7 !


Innate Abilities, Weirdness & Mutations

You have a pair of horns on your head.
You reflexively headbutt those who attack you in melee.


Message History

Your headbutt misses the molten gargoyle.
The molten gargoyle is heavily damaged.
The molten gargoyle closely misses you.
The molten gargoyle hits you but does no damage.
Unknown command.
Reach: G) +1 glaive
Press: ? - help, Dir - move target, f/p - molten gargoyle
Aim: a molten gargoyle, wielding a +0 mace (heavily damaged, about 25% to evade your +1 glaive)
You closely miss the molten gargoyle.
You headbutt the molten gargoyle, but do no damage.
The molten gargoyle is heavily damaged.
The molten gargoyle hits you with a +0 mace!
You are engulfed in flames!
* * * LOW HITPOINT WARNING * * *
Unknown command.
Reach: G) +1 glaive
Press: ? - help, Dir - move target, f/p - molten gargoyle
Aim: a molten gargoyle, wielding a +0 mace (heavily damaged, about 25% to evade your +1 glaive)
You slice the molten gargoyle!!
You destroy the molten gargoyle!
Okawaru accepts your kill.
You can now speed up your combat.
Your life force feels restored.
You have reached level 11!
Unknown command.
A centaur warrior comes into view. It is wielding a +0 hand axe.
The centaur warrior shouts!
The centaur warrior unwields a +0 hand axe.
The centaur warrior wields a +0 orcbow.
The centaur warrior shoots an arrow.
The arrow hits you.
The centaur warrior shoots an arrow.
The arrow hits you!
* * * LOW HITPOINT WARNING * * *
You gain the combat prowess of a mighty hero.
You can no longer speed up your combat.
The centaur warrior shoots an arrow.
The arrow completely misses you.
The centaur warrior shoots an arrow.
The arrow hits you!!
* * * LOW HITPOINT WARNING * * *
The centaur warrior unwields a +0 orcbow.
The centaur warrior wields a +0 hand axe.
The centaur warrior hits you with a +0 hand axe!
You die...

#....##..#...............#...≈
###.#####......##>........#.≈
### #.#...##.........#.≈ ≈
#..................#.§≈
#........###......#.≈§≈
##.......#.........#
#..............).#§.
........c.........#
........@###.....#.#
##..##...###....#.#.# ##
#.....##.......
#...####........ #####
##.......# #..##.... ### #.


You could see a centaur warrior.

Vanquished Creatures
  2 two-headed ogres (D:8)
  An ugly thing (D:7)
  A molten gargoyle (D:9)
  Grinder (D:6)
  A wyvern (D:6)
  Sigmund (D:2)
  A shadow (D:9)
  6 yaks (D:8)
  Grum (D:8)
  5 steam dragons
  Duvessa (D:5)
  2 ice beasts
  An orc warrior (D:8)
  5 black bears
  A sky beast (D:6)
  5 ogres
  A centaur (D:8)
  2 wolves (D:8)
  A phantom (D:5)
  4 kobold brigands
  3 bullfrogs
  11 wights
  2 scorpions
  Dowan (D:5)
  2 jellies
  7 hounds
  A gnoll bouda (D:8)
  An orc priest (D:8)
  4 sleepcaps
  4 iguanas
  An orc wizard (D:8)
  15 adders
  7 gnolls
  3 river rats (Sewer)
  A white imp (D:6)
  An ufetubus (D:5)
  3 worms
  A dart slug (D:1)
  18 orcs
  7 bats
  8 endoplasms
  4 giant cockroaches
  4 goblins
  8 hobgoblins
  8 quokkas
  12 ball pythons
  10 frilled lizards
  22 kobolds
  10 rats
222 creatures vanquished.

Vanquished Creatures (others)
  2 orcs (D:8)
2 creatures vanquished.

Grand Total: 224 creatures vanquished

Notes
Turn   | Place    | Note
-------+----------+-------------------------------------------
     0 | D:1      | gruber the Minotaur Hunter began the quest for the Orb.
     0 | D:1      | Reached XP level 1. HP: 18/18 MP: 0/0
    71 | D:1      | Reached skill level 1 in Polearms
   182 | D:1      | Reached XP level 2. HP: 21/25 MP: 1/1
   639 | D:2      | Reached XP level 3. HP: 29/30 MP: 2/2
   641 | D:2      | Found an ancient bone altar of Kikubaaqudgha.
   681 | D:2      | Noticed Sigmund
   788 | D:2      | Killed Sigmund
   789 | D:2      | Reached XP level 4. HP: 15/37 MP: 3/3
   789 | D:2      | Reached XP level 5. HP: 17/42 MP: 4/4
  1353 | D:3      | Found a white marble altar of Elyvilon.
  1353 | D:3      | Found a glowing golden altar of the Shining One.
  1354 | D:3      | Found a glowing silver altar of Zin.
  1595 | D:3      | Reached XP level 6. HP: 50/50 MP: 5/5
  1605 | D:3      | Found a faded altar of an unknown god.
  1635 | D:3      | Found Jitoown's General Store.
  1671 | D:3      | Found a basalt altar of Yredelemnul.
  2087 | D:4      | Found a staircase to the Ecumenical Temple.
  2114 | Temple   | Entered the Ecumenical Temple
  2516 | D:4      | Reached XP level 7. HP: 53/58 MP: 6/6
  2729 | D:4      | Found a shimmering altar of Xom.
  2743 | D:5      | Entered Level 5 of the Dungeon
  2835 | D:5      | Reached skill level 5 in Fighting
  2837 | D:5      | Noticed Duvessa
  2837 | D:5      | Noticed Grinder
  2838 | D:5      | Noticed Dowan
  2854 | D:5      | Killed Duvessa
  2864 | D:5      | Killed Dowan
  3425 | D:5      | Reached skill level 2 in Armour
  3441 | D:5      | Reached XP level 8. HP: 73/73 MP: 7/7
  3470 | D:5      | Found an iron altar of Okawaru.
  3470 | D:5      | Found a snail-covered altar of Cheibriados.
  3474 | D:5      | Became a worshipper of Warmaster Okawaru
  3943 | D:5      | Reached skill level 3 in Armour
  3964 | D:6      | Killed Grinder
  3965 | D:6      | Reached skill level 5 in Armour
  4079 | D:6      | Reached skill level 6 in Armour
  4184 | D:6      | Reached * piety under Okawaru
  4185 | D:6      | Reached skill level 7 in Armour
  4245 | D:6      | Found a glowing drain.
  4273 | D:6      | HP: 3/73 [quokka (2)]
  4374 | Sewer    | Entered a sewer
  4641 | Sewer    | Reached skill level 8 in Armour
  5519 | D:6      | Reached skill level 9 in Armour
  5519 | D:6      | Reached XP level 9. HP: 50/79 MP: 5/8
  6080 | D:6      | Reached skill level 10 in Armour
  6379 | D:7      | Noticed a brown ugly thing
  6401 | D:7      | Killed a brown ugly thing
  6401 | D:7      | Reached ** piety under Okawaru
  6402 | D:7      | Reached skill level 11 in Armour
  6617 | D:7      | Reached skill level 12 in Armour
  6779 | D:7      | Found an ancient bone altar of Kikubaaqudgha.
  6823 | D:7      | Found Noorrerch's Distillery.
  6899 | D:7      | Found an ornate altar of the Wu Jian Council.
  7053 | D:7      | Found a hazy altar of Hepliaklqana.
  7121 | D:7      | Upgraded the game from 0.31-a0-219-g8d62b2e7bb to
                  | 0.31-a0-222-gefeffbb62a
  7223 | D:8      | Noticed a two-headed ogre
  7237 | D:8      | Killed a two-headed ogre
  7238 | D:8      | Reached skill level 13 in Armour
  7238 | D:8      | Reached XP level 10. HP: 24/86 MP: 2/9
  7938 | D:8      | Noticed a two-headed ogre
  7948 | D:8      | Killed a two-headed ogre
  7948 | D:8      | Reached *** piety under Okawaru
  7949 | D:8      | Reached skill level 10 in Fighting
  8375 | D:8      | Found a shadowy altar of Dithmenos.
  8715 | D:8      | Reached skill level 1 in Throwing
  8905 | D:8      | Noticed Grum
  8927 | D:8      | Killed Grum
  9747 | D:9      | Reached skill level 5 in Throwing
  9939 | D:9      | Noticed a molten gargoyle
  9948 | D:9      | Killed a molten gargoyle
  9948 | D:9      | Reached **** piety under Okawaru
  9949 | D:9      | Reached XP level 11. HP: 28/100 MP: 1/10
  9978 | D:9      | Noticed a centaur warrior
  9984 | D:9      | HP: 2/100 [centaur warrior/arrow (26)]
  9985 | D:9      | Slain by a centaur warrior

Illustrated notes

Levels and vault maps discovered:
D:1:      spicycebolla_green_bress_n_ham, layout_loops_ring
D:2:      layout_basic, basic_altar, uniq_sigmund
D:3:      layout_loops_ring, good_gods_temple_1, mainiacjoe_overflow_24_doors,
          serial_shops, nicolae_shop_tiny_glass, ebering_ecumenical_altar_mist
D:4:      layout_rooms, mainiacjoe_overflow_alcove_4, minmay_temple_entry_arrows
D:5:      layout_loops_corners, chequers_temple_overflow_statue_of_worship,
          serial_aquarium, aquarium_bridge_straight [aquarium_subvault_bridge,
          aquarium_subvault_wall, aquarium_subvault_bridge,
          aquarium_subvault_wall], aquarium_bridge_island_large
          [aquarium_subvault_large_water, aquarium_subvault_wall,
          aquarium_subvault_window, aquarium_subvault_wall,
          aquarium_subvault_bridge], aquarium_window_corner,
          aquarium_window_fake, aquarium_window_2, aquarium_view_2e,
          aquarium_view_2b, aquarium_pool_1, uniq_duvessa, uniq_grinder
D:6:      layout_gridville, portal_sewer_entry_f
D:7:      layout_rooms, mainiacjoe_overflow_boulevard,
          mainiacjoe_overflow_surrounded_room, mainiacjoe_overflow_alcove_1,
          serial_shops, shop, minmay_small_thing
D:8:      layout_gridville, nicolae_dithmenos_through_a_glass_darkly,
          st_stairs_4, uniq_grum
D:9:      layout_cave_pools, grunt_lair_entry_orc_guard_hut, enter_bailey_2,
          minivault_8, uniq_maggie
Temple:   minmay_temple_curvy_loop

Skill      XL: |  1  2  3  4  5  6  7  8  9 10 |
---------------+-------------------------------+-----
Polearms       | 2 3 6 7 8 9 |  9.1
Fighting       | 3 7 10 | 10.3
Armour         | 2 9 13 | 13.3
Throwing       | 5 |  5.7
Ranged Weapons | |  4.3
Dodging        | |  2.1
Stealth        | |  0.7

Action                     |  1- 3 |  4- 6 |  7- 9 | 10-12 || total
---------------------------+-------+-------+-------+-------++-------
  Melee: Spear             |    18 |   154 |   357 |   200 ||   729
         Headbutt          |       |    13 |    61 |    59 ||   133
         Punch             |       |       |     7 |     5 ||    12
         Glaive            |       |       |       |    54 ||    54
   Fire: Shortbow          |    41 |       |     1 |       ||    42
  Throw: Dart              |       |       |       |    19 ||    19
 Invoke: Heroism           |       |       |     4 |     5 ||     9
  Evoke: Wand              |       |       |     3 |       ||     3
    Use: Potion            |       |       |     6 |       ||     6
   Stab: Sleeping          |       |     2 |     2 |       ||     4
 Armour: Leather armour    |     4 |     8 |    26 |       ||    38
         Ring mail         |       |       |    12 |    57 ||    69
  Dodge: Dodged            |    10 |    47 |   132 |   106 ||   295

Table legend: (Time is in decaauts)
 A = Elapsed time spent in this place.
 B = Non-inter-level travel time spent in this place.
 C = Inter-level travel time spent in this place.
 D = Time resting spent in this place.
 E = Time spent auto-exploring this place.
 F = Levels seen in this place.
 G = Mean time per level.
                   A        B        C        D        E       F      G
               +--------+--------+--------+--------+--------+-----+--------+
         Total |   9901 |   9477 |    424 |    164 |   7807 |  11 |  900.1 |
       Dungeon |   8712 |   8311 |    401 |    157 |   6835 |   9 |  968.0 |
        Temple |    218 |    195 |     23 |      0 |    192 |   1 |  218.0 |
         Sewer |    970 |    970 |      0 |      7 |    780 |   1 |  970.0 |
               +--------+--------+--------+--------+--------+-----+--------+

Top non-repeatable levels by time:
     D:8: 2437 daAuts
     D:6: 1479 daAuts
     D:5: 1209 daAuts
   Sewer: 970 daAuts
     D:7: 837 daAuts
     D:3: 717 daAuts
     D:1: 704 daAuts
     D:4: 554 daAuts
     D:2: 513 daAuts
     D:9: 258 daAuts
  Temple: 218 daAuts
